 Dungeon Crawl Stone Soup version 0.25-b1-39-g0d900dab71 (webtiles) character file.

Game seed: 16851861397693273746

9637 MajorAdolf the Fighter (level 11, -1/105 (106) HPs)
             Began as a Naga Wanderer on June 7, 2020.
             Was an Initiate of Gozag.
             Slain by an orc warrior
             ... wielding a +0 short sword
              (13 damage)
             ... on level 10 of the Dungeon.
             The game lasted 00:22:34 (15366 turns).

MajorAdolf the Fighter (Naga Wanderer)             Turns: 15366, Time: 00:22:34

HP:   -1/105 (106)  AC:  9    Str: 19    XL:     11   Next: 49%
MP:   0/15          EV:  9    Int: 12    God:    Gozag
Gold: 768           SH:  0    Dex: 10    Spells: 10/10 levels left

rFire    + . .     SeeInvis +   s - +4 battleaxe
rCold    . . .     Gourm    .   (shield currently unavailable)
rNeg     . . .     Faith    .   f - +0 scale mail
rPois    +         Spirit   +   (no helmet)
rElec    .         Reflect  .   m - +0 cloak
rCorr    .         Harm     .   (no gloves)
MR       +....                  (no barding)
Stlth    ..........             t - amulet of guardian spirit
HPRegen  0.27/turn              k - ring of protection from fire
MPRegen  0.14/turn              (no ring)

@: gold aura, studying Short Blades, drained, very slow
A: large, see invisible, deformed body, poison resistance, slowness 2, slow
metabolism 1, spit poison 1, AC +3
a: Spit Poison, Potion Petition, Call Merchant, Bribe Branch, Renounce Religion


You were on level 10 of the Dungeon.
You worshipped Gozag.
Gozag was pleased with you.
You were not hungry.

You visited 2 branches of the dungeon, and saw 11 of its levels.

You collected 1855 gold pieces.
You spent 337 gold pieces at shops.
You paid 750 gold pieces to Gozag.

Inventory:

Hand Weapons
 a - a +2 vampiric war axe
 s - a +4 battleaxe (weapon)
Armour
 f - a +0 scale mail (worn)
 m - a +0 cloak (worn)
Jewellery
 c - an uncursed amulet of reflection {unknown}
 h - an uncursed amulet of the acrobat
 k - a ring of protection from fire (left hand)
 t - an amulet of guardian spirit (around neck)
Wands
 j - a wand of iceblast (9)
 r - a wand of clouds (1)
 y - a wand of acid (2)
 B - a wand of random effects (25)
 E - a wand of digging (7)
Scrolls
 b - 6 scrolls of magic mapping
 e - 3 scrolls of teleportation
 g - 5 scrolls of remove curse
 q - a scroll of enchant armour
 z - a scroll of noise {unknown}
 A - a scroll of enchant weapon {unknown}
 D - a scroll of blinking {unknown}
Potions
 i - 2 potions of heal wounds
 n - 2 potions of invisibility
 p - 2 potions of stabbing
 u - 2 potions of brilliance
 w - 2 potions of curing
Books
 o - a manual of Short Blades
Comestibles
 d - 16 rations


   Skills:
 + Level 9.0(7.9) Fighting
 + Level 8.5(7.9) Axes
   Level 4.0(5.7) Maces & Flails
 + Level 7.2(6.2) Armour
 + Level 6.6(5.6) Dodging
   Level 1.5(0.7) Shields
 + Level 5.5(4.5) Evocations


You had 10 spell levels left.
You didn't know any spells.
Your spell library contained the following spells:

 Spells                   Type           Power        Failure   Level  Hunger
 Animate Skeleton         Necr           N/A          65%         1    ##.....
 Apportation              Tloc           #.....       65%         1    ##.....
 Corona                   Hex            #......      65%         1    ##.....
 Magic Dart               Conj           #...         65%         1    ##.....
 Pain                     Necr           #...         65%         1    ##.....
 Shock                    Conj/Air       #...         65%         1    ##.....
 Summon Small Mammal      Summ           #...         65%         1    ##.....
 Blink                    Tloc           N/A          80%         2    ###....
 Call Imp                 Summ           #.......     80%         2    ###....
 Slow                     Hex            #.......     80%         2    ###....
 Swiftness                Chrm/Air       #.......     80%         2    ###....
 Confusing Touch          Hex            #.......     95%         3    ####...
 Conjure Flame            Conj/Fire      #.......     95%         3    ####...
 Gell's Gravitas          Tloc           #.........   95%         3    ####...
 Mephitic Cloud           Conj/Pois/Air  #.......     95%         3    ####...
 Static Discharge         Conj/Air       #.......     95%         3    ####...
 Vampiric Draining        Necr           #.........   95%         3    ####...
 Airstrike                Air            #.........   100%        4    #####..
 Animate Dead             Necr           N/A          100%        4    #####..
 Petrify                  Tmut/Erth      #.......     100%        4    #####..
 Agony                    Necr           #.......     100%        5    ######.
 Lightning Bolt           Conj/Air       #.........   100%        5    ######.
 Metabolic Englaciation   Hex/Ice        #.........   100%        5    ######.
 Yara's Violent Unravell  Hex/Tmut       #.........   100%        5    ######.


Dungeon Overview and Level Annotations

Branches:
Dungeon (10/15)            Temple (1/1) D:5
   Lair: D:8-11         Orc: D:9-12

Altars:
Ashenzari
Cheibriados
Elyvilon
Gozag
Hepliaklqana
Kikubaaqudgha
Nemelex Xobeh
Ru
Sif Muna
Trog
Uskayaw
Vehumet
Wu Jian
Yredelemnul

Shops:
D:8 *

Annotations:
D:5 exclusion: downstairs
D:8 3 runed translucent doors, Nattefrost's ghost, novice HOGl


Innate Abilities, Weirdness & Mutations

You cannot wear boots.
Your serpentine skin is tough. (AC +3)
You have supernaturally acute eyesight. (SInv)
Armour fits poorly on your strangely shaped body.
Your system is resistant to poisons. (rPois)
You cover ground very slowly.
You have a slow metabolism.
You can spit poison.


Message History

* * * LOW HITPOINT WARNING * * *
Unknown command.
You slash the orc warrior!
The orc warrior is almost dead.
You slash the orc!
You kill the orc!
The orc warrior hits you with a +0 short sword.
* * * LOW HITPOINT WARNING * * *
Unknown command.
You hit the orc warrior but do no damage.
The orc warrior is almost dead.
The orc warrior hits you with a +0 short sword!
* * * LOW HITPOINT WARNING * * *
Unknown command.
You hit the orc warrior.
The orc warrior is almost dead.
The orc warrior completely misses you.
The orc warrior hits you with a +0 short sword!
You die...
Your body crumbles into a pile of gold.

...# o..# ...
..################
..#.............#
#$#...........#.#
#.#[........#.#.#
#$#.........#.#.^
$
#o@)........#.####
#####+####..#.#..
. #.#.....#.#.# .
#...[#.##.#.#..
###..#>##.#.#..
#.)#....#.#..
#.)######....
#.))..#.....#
#.###.#.....#


You could see an orc warrior.

Vanquished Creatures
  A two-headed ogre (D:9)
  2 trolls
  A queen bee (D:8)
  Prince Ribbit (D:9)
  A hippogriff (D:8)
  Grinder (D:3)
  Sigmund (D:3)
  15 yaks
  A hungry ghost (D:7)
  Duvessa (D:6)
  A black bear (D:8)
  2 orc warriors (D:10)
  2 ice beasts
  A phantom (D:5)
  2 sky beasts
  2 ogres
  3 necrophages
  5 centaurs
  2 big kobolds (D:8)
  Blork the orc (D:4)
  7 bullfrogs
  Dowan (D:6)
  2 wyvern zombies
  2 water moccasin zombies (D:8)
  5 scorpions
  20 killer bees
  10 wights
  5 howler monkeys
  2 crimson imps
  A jelly (D:6)
  3 centaur skeletons
  3 orc priests
  4 orc wizards
  3 bullfrog skeletons
  An iguana (D:10)
  Terence (D:2)
  Natasha (thrice) (D:2)
  9 worker ants
  A hound zombie (D:8)
  3 hound skeletons
  2 worker ant zombies
  8 adders
  A shadow imp (D:7)
  2 adder zombies (D:6)
  A worm (D:2)
  2 leopard geckos
  28 orcs
  4 giant cockroaches
  6 goblins
  6 hobgoblins
  13 jackals
  4 quokkas
  12 bats
  8 frilled lizards
  A jackal skeleton (D:7)
  A jackal zombie (D:5)
  19 kobolds
  A leopard gecko skeleton (D:6)
  8 rats
259 creatures vanquished.

Vanquished Creatures (others)
  A goblin (D:3)
  3 plants (D:8)
4 creatures vanquished.

Grand Total: 263 creatures vanquished

Notes
Turn   | Place    | Note
-------+----------+-------------------------------------------
     0 | D:1      | MajorAdolf the Naga Wanderer began the quest for the Orb.
     0 | D:1      | MajorAdolf set off with the following items: a +2 mace, 2
                  | potions of curing, a +0 robe, a ration
     0 | D:1      | Reached XP level 1. HP: 18/18 MP: 1/1
   154 | D:1      | Reached skill level 2 in Fighting
   154 | D:1      | Reached XP level 2. HP: 13/26 MP: 2/2
  1095 | D:2      | Reached XP level 3. HP: 27/33 MP: 3/3
  1159 | D:2      | Noticed Natasha
  1165 | D:2      | Killed Natasha
  1165 | D:2      | Reached skill level 3 in Fighting
  1165 | D:2      | Reached skill level 1 in Axes
  1211 | D:2      | Reached XP level 4. HP: 36/42 MP: 4/4
  1212 | D:2      | Noticed Natasha
  1219 | D:2      | Killed Natasha
  1343 | D:2      | Noticed Natasha
  1362 | D:2      | Killed Natasha
  1362 | D:2      | Reached XP level 5. HP: 7/50 MP: 5/5
  2076 | D:2      | Noticed Terence
  2093 | D:2      | Killed Terence
  2598 | D:3      | Reached skill level 4 in Fighting
  2758 | D:3      | Noticed Sigmund
  3056 | D:3      | Killed Sigmund
  3056 | D:3      | Reached skill level 1 in Dodging
  3056 | D:3      | Reached XP level 6. HP: 45/58 MP: 6/6
  3195 | D:3      | Noticed Grinder
  3726 | D:4      | Reached XP level 7. HP: 58/66 MP: 5/7
  4040 | D:4      | Reached skill level 5 in Fighting
  4443 | D:4      | Found a hazy altar of Hepliaklqana.
  4444 | D:4      | Found a sacrificial altar of Ru.
  4605 | D:4      | Noticed Blork the orc
  4631 | D:4      | Killed Blork the orc
  5310 | D:5      | Entered Level 5 of the Dungeon
  5318 | D:5      | Reached XP level 8. HP: 74/74 MP: 8/8
  5461 | D:5      | Found a staircase to the Ecumenical Temple.
  5474 | D:5      | Noticed a -3 hand axe
  5475 | D:5      | Noticed a -3 hand axe
  5477 | D:5      | Found a hide-covered altar of Uskayaw.
  5487 | Temple   | Entered the Ecumenical Temple
  5501 | Temple   | Became a worshipper of Gozag Ym Sagoz the Greedy
  5894 | D:5      | Found a bloodstained altar of Trog.
  6123 | D:5      | Found a bloodstained altar of Trog.
  6125 | D:5      | Found an ancient bone altar of Kikubaaqudgha.
  6126 | D:5      | Found a snail-covered altar of Cheibriados.
  6662 | D:5      | Reached skill level 5 in Axes
  7339 | D:6      | Reached skill level 6 in Fighting
  7436 | D:6      | Reached XP level 9. HP: 77/82 MP: 7/9
  7524 | D:6      | Noticed Dowan
  7525 | D:6      | Noticed Duvessa
  7533 | D:6      | Killed Duvessa
  7538 | D:6      | Killed Dowan
  7538 | D:6      | Reached skill level 5 in Armour
  7742 | D:6      | Found an ornate altar of the Wu Jian Council.
  8934 | D:7      | Reached skill level 7 in Fighting
  9125 | D:7      | Reached skill level 1 in Evocations
  9438 | D:3      | Found a radiant altar of Vehumet.
  9507 | D:3      | Killed Grinder
  9832 | D:8      | Reached skill level 5 in Dodging
 10092 | D:8      | Found a runed translucent gate.
 10093 | D:8      | Found a runed translucent gate.
 10094 | D:8      | Found a runed translucent gate.
 10177 | D:8      | Reached XP level 10. HP: 83/94 MP: 8/11
 10518 | D:8      | HP: 3/94 [killer bee (8)]
 11820 | D:8      | Noticed a nine-headed hydra
 11821 | D:8      | Noticed a nine-headed hydra
 11821 | D:8      | Noticed Nattefrost's ghost (novice HOGl)
 11839 | D:8      | Bought a +2 vampiric war axe for 337 gold pieces
 12395 | D:9      | Reached skill level 8 in Fighting
 12617 | D:9      | Noticed Prince Ribbit
 12910 | D:9      | Reached XP level 11. HP: 82/103 MP: 6/14
 13067 | D:10     | Entered Level 10 of the Dungeon
 13381 | D:9      | Noticed a two-headed ogre
 13390 | D:9      | Killed a two-headed ogre
 13738 | D:9      | Killed Prince Ribbit
 13738 | D:9      | Reached skill level 5 in Evocations
 14996 | D:10     | Reached skill level 9 in Fighting
 15366 | D:10     | Slain by an orc warrior

Illustrated notes

Levels and vault maps discovered:
D:1:      wheals_arrival_shading, layout_rooms
D:2:      layout_loops_ring, first_ration, uniq_terence, uniq_natasha
D:3:      layout_loops_ring, fiery_altar_vehumet,
          hangedman_decor_diamond_cutter, chequers_garden, uniq_sigmund,
          uniq_grinder
D:4:      layout_basic, gammafunk_temple_overflow_statue,
          minmay_manual_monstrance, uniq_blork_the_orc
D:5:      layout_basic, grunt_temple_overflow_open, dancing_weapons_uskayaw,
          minmay_temple_entry_sparse_star, zaba_anthole, trog_butcher_becter
D:6:      layout_basic, lemuel_round_altar, minmay_between, uniq_duvessa
D:7:      layout_basic
D:8:      minmay_imperfect_grid, layout_basic, gammafunk_ghost_hydra_chop,
          david_nohive_1
D:9:      layout_basic, uniq_prince_ribbit1
D:10:     layout_basic, david_orc_4
Temple:   eino_temple_water

Skill      XL: |  1  2  3  4  5  6  7  8  9 10 11 |
---------------+----------------------------------+-----
Fighting       | 2 3 4 5 6 7 8 9 |  9.0
Axes           | 1 2 3 4 5 6 8 |  8.5
Armour         | 3 4 5 6 7 |  7.2
Dodging        | 1 2 3 5 6 |  6.6
Evocations     | 2 4 5 |  5.5
Maces & Flails | |  4.0
Shields        | |  1.5

Action                   |  1- 3 |  4- 6 |  7- 9 | 10-12 || total
-------------------------+-------+-------+-------+-------++-------
Melee: Dagger            |    50 |   161 |   113 |       ||   324
       Mace              |     8 |       |       |       ||     8
       War axe           |       |       |   113 |   264 ||   377
       Battleaxe         |       |       |   149 |   153 ||   302
Invok: Call Merchant     |       |       |     1 |       ||     1
 Abil: Spit Poison       |    10 |    19 |    17 |    10 ||    56
Evoke: Wand              |       |       |     4 |    12 ||    16
  Use: Potion            |       |     2 |       |     2 ||     4
       Scroll            |       |     8 |     3 |     5 ||    16
 Stab: Distracted        |       |       |     2 |     5 ||     7
       Confused          |       |       |       |     1 ||     1
  Eat: Chunk             |     1 |     7 |     4 |       ||    12
       Ration            |       |       |     5 |     4 ||     9
Armor: Robe              |    20 |    12 |       |       ||    32
       Scale mail        |       |   101 |   208 |   178 ||   487
Dodge: Dodged            |    48 |    97 |   222 |   240 ||   607
